 Dungeon Crawl Stone Soup version 0.30-a0-404-g0b3c3f4973 (webtiles) character file.

Game seed: 12599787969211944762

2013 Raultor the Changer (level 9, -1/70 HPs)
             Began as an Octopode Transmuter on Dec 7, 2022.
             Was an Initiate of the Shining One.
             Slain by a wyvern (13 damage)
             ... on level 8 of the Dungeon.
             The game lasted 00:20:05 (6974 turns).

Raultor the Changer (Octopode Transmuter)           Turns: 6974, Time: 00:20:05

Health: -1/70      AC:  8    Str: 10    XL:     9   Next: 22%
Magic:  12/12      EV: 10    Int: 19    God:    the Shining One [......]
Gold:   130        SH:  0    Dex: 12    Spells: 5/12 levels left

rFire   x . .      SeeInvis .      - Unarmed
rCold   + + +      Faith    .    (shield currently unavailable)
rNeg    . . .      Spirit   .    (helmet currently unavailable)
rPois   +          Reflect  .    B - amulet of magic regeneration
rElec   .          Harm     .    C - ring of protection from cold
rCorr   +          Rampage  .    R - ring of resist corrosion
Will    .....                    (no ring)
Stlth   +.........               (no ring)
HPRegen 0.31/turn                (no ring)
MPRegen 0.53/turn                (no ring)
                                 (no ring)
                                 (no ring)

@: ice-form, wereblooded, glowing
A: freezing attack, boosted hp, almost no armour, amphibious, 8 rings, large,
(camouflage 1), (gelatinous body 1), (nimble swimmer 1), (tentacles)
a: End Transformation, Renounce Religion


You were on level 8 of the Dungeon.
You worshipped the Shining One.
The Shining One was noncommittal.
You were a creature of crystalline ice.
You visited 2 branches of the dungeon, and saw 9 of its levels.

You collected 186 gold pieces.
You spent 56 gold pieces at shops.


Innate Abilities, Weirdness & Mutations

You are a creature of crystalline ice.
You have a powerful freezing melee attack.
Your maximum health is increased.
Your armour is entirely melded.
You are incapable of wielding weapons or throwing items.
You cannot wear most types of armour.
You are amphibious.
You can wear up to eight rings at the same time.
((Your skin changes colour to match your surroundings (Stealth+).))
((Your rubbery body absorbs attacks. (AC +1, EV +1)))
((You are camouflaged when in or above water. (Stealth+)))
((You have tentacles for arms and can constrict up to eight enemies at once.))


   Skills:
 + Level 4.7 Fighting
 - Level 2.0 Dodging
 + Level 5.6 Unarmed Combat
 - Level 2.0 Spellcasting
 * Level 7.2 Transmutations
 * Level 6.6 Ice Magic


You had 5 spell levels left.
You knew the following spells:

 Your Spells              Type           Power      Damage    Failure   Level
b - Beastly Appendage     Tmut           58%        N/A       1%          1
c - Ice Form              Ice/Tmut       28%        N/A       10%         4
w - Wereblood             Tmut           29%        N/A       1%          2

Your spell library contained the following spells:

 Spells                   Type           Power      Damage    Failure   Level
 Spider Form              Tmut/Pois      15%        N/A       12%         3
 Magic Dart               Conj           4%         1d3       17%         1
 Searing Ray              Conj           2%         2d4       26%         2
 Kindle Blastsparks       Fire/Tloc/Air  2%         2d10      45%         3
 Fulminant Prism          Conj/Hex       0%         3d5       86%         4
 Iskenderun's Mystic Bla  Conj/Tloc      1%         2d3       86%         4
 Lee's Rapid Deconstruct  Erth           0%         3d4*      99%         5

Inventory:

Missiles
 u - 2 throwing nets {=f}
Jewellery
 B - an amulet of magic regeneration (around neck)
 C - a ring of protection from cold (left front paw)
 R - a ring of resist corrosion (right front paw)
Wands
 g - a wand of iceblast (3)
Scrolls
 b - 2 scrolls of amnesia {unknown}
 d - a scroll of immolation {unknown}
 i - a scroll of fear {unknown}
 j - 5 scrolls of teleportation {unknown}
 k - 2 scrolls of magic mapping {unknown}
 o - a scroll of butterflies {unknown}
 p - a scroll of enchant armour {unknown}
 q - a scroll of torment {unknown}
 r - a scroll of noise {unknown}
 v - 4 scrolls of identify {@r1}
 w - a scroll of vulnerability {unknown}
 x - 3 scrolls of enchant weapon {unknown}
 y - a scroll of blinking {unknown}
 z - a scroll of poison {unknown}
 A - a scroll of silence {unknown}
Potions
 a - 3 potions of lignification
 c - 2 potions of haste {@q3}
 e - a potion of flight
 f - 4 potions of curing {unknown}
 h - 2 potions of brilliance
 l - 3 potions of attraction
 m - a potion of mutation
 n - 2 potions of magic {unknown}
 s - a potion of heal wounds {unknown}
 t - a potion of might

Dungeon Overview and Level Annotations

Branches:
Dungeon (8/15)             Temple (1/1) D:7
   Lair: D:8-11

Altars:
Ashenzari
Cheibriados
Dithmenos
Elyvilon
Gozag
Hepliaklqana
Kikubaaqudgha
Makhleb
Nemelex Xobeh
Okawaru
Ru
Sif Muna
Wu Jian
Yredelemnul
The Shining One

Shops:
D:5 !   D:7 (

Annotations:
D:8 Maggie
Temple 2 transporters .... ♣... . ...## ho♣♣♣...# oo......# .[.l...@# ..ho.ooh#

#o#
######Y#####
.$....l.....#
#######.....#
# ##.#..# # #
#.#.#####.# #
#...#....# #
#.>..#########
#..#.........#
#..#.#######.#


You could see Maggie, an orc warrior, a black bear, a wyvern and an orc wizard.


Message History

You kill the orc!
You hit the orc wizard. You freeze the orc wizard.
The orc wizard is lightly wounded.
The orc wizard hits you with a +0 dagger.
The orc priest mumbles some strange prayers to Beogh against you.
Beogh smites you!
* * * LOW HITPOINT WARNING * * *
You hear an angry hiss.
You barely miss the orc wizard.
The orc wizard is lightly wounded.
You hear an angry hiss.
The orc wizard hits you but does no damage.
The orc priest calls upon Beogh to heal the orc wizard.
The orc wizard's wounds heal themselves!
You punch the orc wizard! You freeze the orc wizard.
The orc wizard is almost dead.
You howl as the wereblood boils in your veins!
A wyvern comes into view.
Maggie casts a spell.
Maggie attempts to bespell you! You resist with almost no effort.
The orc wizard hits you but does no damage.
You hear a distant slurping noise.
The wyvern bites you!
* * * LOW HITPOINT WARNING * * *
You barely miss the wyvern. The wyvern bites you!
* * * LOW HITPOINT WARNING * * *
The orc wizard barely misses you.
An orc warrior comes into view. It is wielding a +0 trident.
You hit the wyvern but do no damage. The wyvern bites you!
You die...

Skill      XL: |  1  2  3  4  5  6  7  8  9 |
---------------+----------------------------+-----
Ice Magic      | 1 2 3 4 6 |  6.6
Transmutations | 3 4 5 6 7 |  7.2
Fighting       | 2 3 4 |  4.7
Unarmed Combat | 4 5 |  5.6
Dodging        | |  2.0
Spellcasting   | |  2.0

Action                   |  1- 3 |  4- 6 |  7- 9 || total
-------------------------+-------+-------+-------++-------
Melee: Unarmed           |    83 |   132 |   188 ||   403
       Tentacles         |    17 |    23 |    17 ||    57
       Constrict         |    21 |    33 |    17 ||    71
       Kick              |     8 |    27 |     7 ||    42
       Punch             |     2 |     2 |     1 ||     5
 Cast: Beastly Appendage |     6 |    10 |     5 ||    21
       Wereblood         |     3 |     4 |     5 ||    12
       Ice Form          |       |     3 |    17 ||    20
  Use: Potion            |     2 |       |       ||     2
       Scroll            |       |     3 |       ||     3
 Stab: Sleeping          |     3 |     7 |     3 ||    13
       Paralysed         |       |     1 |       ||     1
Armor: Skin              |    11 |     8 |    47 ||    66
Dodge: Dodged            |    76 |    52 |    93 ||   221

Levels and vault maps discovered:
D:1:      grunt_arrival_lava_bath, layout_loops_ring
D:2:      layout_rooms, minmay_misc_feat_square,
          hangedman_decor_clover_reticule, dk_noncrumbling_4
D:3:      layout_loops_ring, nicolae_ru_great_annihilating_truth, uniq_robin,
          uniq_terence, uniq_crazy_yiuf_cottage
D:4:      layout_loops_ring, mainiacjoe_overflow_alcove_4
D:5:      layout_gridville, serial_shops, shop, uniq_blork_the_orc
D:6:      layout_loops_ring
D:7:      layout_rooms, minmay_temple_entry_arrows, serial_shops,
          nicolae_shop_advertising_works [nicolae_subvault_shop_adworks]
D:8:      layout_basic, nicolae_overflow_hidden_temple, minmay_lair_entry_grove,
          hangedman_minor_gate_pass, uniq_maggie, uniq_erica
Temple:   hellmonk_temple_divided_pantheon

Notes
Turn   | Place    | Note
-------+----------+-------------------------------------------
     0 | D:1      | Raultor the Octopode Transmuter began the quest for the
                  | Orb.
     0 | D:1      | Reached XP level 1. HP: 13/13 MP: 3/3
   126 | D:1      | Reached XP level 2. HP: 18/18 MP: 3/5
   134 | D:1      | Learned a level 2 spell: Wereblood
   151 | D:1      | Reached skill level 1 in Ice Magic
   284 | D:1      | Reached XP level 3. HP: 21/23 MP: 6/6
  1188 | D:2      | Reached XP level 4. HP: 26/29 MP: 7/7
  1273 | D:2      | Reached skill level 3 in Transmutations
  1487 | D:3      | Noticed Robin
  1511 | D:3      | Killed Robin
  1512 | D:3      | Reached skill level 2 in Ice Magic
  1628 | D:3      | Reached skill level 2 in Fighting
  1650 | D:3      | Found a sacrificial altar of Ru.
  1658 | D:3      | Reached XP level 5. HP: 29/34 MP: 6/8
  2122 | D:3      | Noticed Terence
  2129 | D:3      | Learned a level 4 spell: Ice Form
  2191 | D:3      | Killed Terence
  2499 | D:3      | Found a runed translucent door.
  2500 | D:3      | Noticed Crazy Yiuf
  2508 | D:3      | Killed Crazy Yiuf
  2509 | D:3      | Reached XP level 6. HP: 40/40 MP: 0/9
  2689 | D:4      | Reached skill level 4 in Transmutations
  2689 | D:4      | Reached skill level 3 in Ice Magic
  2694 | D:4      | Reached skill level 4 in Unarmed Combat
  3025 | D:4      | Reached XP level 7. HP: 31/45 MP: 1/10
  3383 | D:4      | Found a burning altar of Makhleb.
  3470 | D:4      | Reached skill level 3 in Fighting
  3470 | D:4      | Reached skill level 4 in Ice Magic
  3796 | D:5      | Entered Level 5 of the Dungeon
  4051 | D:5      | Reached skill level 5 in Transmutations
  4189 | D:5      | Found Ruuped's Distillery.
  4193 | D:5      | Bought a potion of might for 56 gold pieces
  4458 | D:5      | Reached XP level 8. HP: 52/52 MP: 6/11
  4466 | D:5      | Noticed Blork the orc
  4482 | D:5      | Killed Blork the orc
  4582 | D:5      | Reached skill level 5 in Ice Magic
  4932 | D:5      | Reached skill level 5 in Unarmed Combat
  4932 | D:5      | Reached skill level 6 in Transmutations
  5311 | D:6      | Reached skill level 4 in Fighting
  6109 | D:7      | Reached skill level 6 in Ice Magic
  6149 | D:7      | Found a staircase to the Ecumenical Temple.
  6156 | Temple   | Entered the Ecumenical Temple
  6156 | Temple   | Found a transporter.
  6156 | Temple   | Found a transporter.
  6193 | Temple   | Found a transporter.
  6193 | Temple   | Found a transporter.
  6216 | Temple   | Became a worshipper of the Shining One
  6246 | D:7      | Reached XP level 9. HP: 59/59 MP: 6/12
  6439 | D:7      | Reached skill level 7 in Transmutations
  6491 | D:7      | Found Juakugh's Weapon Shoppe.
  6954 | D:8      | Noticed Maggie
  6974 | D:8      | Slain by a wyvern

Vanquished Creatures
  A steam dragon (D:7)
  An orc warrior (D:7)
  2 ogres (D:5)
  A black bear (D:5)
  A wolf (D:8)
  A centaur (D:7)
  A phantom (D:5)
  3 bullfrogs
  Blork the orc (D:5)
  3 scorpions
  A necrophage (D:4)
  4 hounds
  A jelly (D:6)
  Crazy Yiuf (D:3)
  A gnoll bouda (D:5)
  4 orc priests
  Terence (D:3)
  An iguana (D:4)
  5 orc wizards
  Robin (D:3)
  7 gnolls (D:5)
  7 adders
  A white imp (D:6)
  2 ufetubi
  3 worms
  3 dart slugs
  21 orcs
  7 ball pythons
  9 bats
  7 endoplasms
  A giant cockroach (D:4)
  17 goblins
  11 hobgoblins
  7 jackals
  3 quokkas
  5 frilled lizards
  7 kobolds
  4 rats
157 creatures vanquished.

Vanquished Creatures (others)
  4 fungi
  11 plants (D:8)
15 creatures vanquished.

Grand Total: 172 creatures vanquished

Table legend: (Time is in decaauts)
 A = Elapsed time spent in this place.
 B = Non-inter-level travel time spent in this place.
 C = Inter-level travel time spent in this place.
 D = Time resting spent in this place.
 E = Time spent auto-exploring this place.
 F = Levels seen in this place.
 G = Mean time per level.
                   A        B        C        D        E       F      G
               +--------+--------+--------+--------+--------+-----+--------+
         Total |   6925 |   6694 |    231 |    455 |   4883 |   9 |  769.4 |
       Dungeon |   6677 |   6446 |    231 |    263 |   4882 |   8 |  834.6 |
        Temple |    247 |    247 |      0 |    192 |      1 |   1 |  247.0 |
               +--------+--------+--------+--------+--------+-----+--------+

Top non-repeatable levels by time:
     D:5: 1277 daAuts
     D:4: 1185 daAuts
     D:3: 1147 daAuts
     D:1: 812 daAuts
     D:7: 794 daAuts
     D:6: 699 daAuts
     D:2: 645 daAuts
  Temple: 247 daAuts
     D:8: 115 daAuts

Table legend:
 A = Non-vault XP
 B = Vault XP
 C = Vault XP percentage of total XP
 D = Non-vault monster count
 E = Vault monster count
 F = Vault count percentage of total count
                 A         B        C        D         E       F
            +---------+---------+-------+---------+---------+-------
      Total |    2523 |     353 |  12.3 |     138 |      19 |  12.1
            +---------+---------+-------+---------+---------+-------
        D:1 |      52 |       0 |   0.0 |      31 |       0 |   0.0
        D:2 |      57 |       0 |   0.0 |      19 |       0 |   0.0
        D:3 |      64 |     148 |  69.8 |      16 |      17 |  51.5
        D:4 |     470 |       0 |   0.0 |      21 |       0 |   0.0
        D:5 |     836 |      90 |   9.7 |      21 |       1 |   4.5
        D:6 |      77 |       0 |   0.0 |       5 |       0 |   0.0
        D:7 |     873 |       0 |   0.0 |      15 |       0 |   0.0
        D:8 |      56 |     115 |  67.3 |       8 |       1 |  11.1
     Temple |      38 |       0 |   0.0 |       2 |       0 |   0.0
            +---------+---------+-------+---------+---------+-------
